 Dungeon Crawl Stone Soup version 0.32-a0-928-g1cae6b7ea0 (webtiles) character file.

Game seed: 2827291567099703762

2310 kae the Mimic (level 9, 0/57 (59) HPs)
             Began as a Demonspawn Shapeshifter on Apr 12, 2024.
             Succumbed to an adder's poison
             ... in a sewer.
             The game lasted 00:08:28 (6341 turns).

kae the Mimic (Demonspawn Shapeshifter)             Turns: 6341, Time: 00:08:29

HP:   0/57 (59)     AC:  0    Str: 14    XL:     9   Next: 18%
MP:   2/18          EV: 15    Int: 15    God:
Gold: 900           SH:  0    Dex: 17    Spells: 8/8 levels left

rFire   . .          .
                       - Unarmed
rCold   . . .        (shield currently unavailable)
rNeg    . . .        a - melded +0 animal skin
rPois   .            (helmet restricted)
rElec   .            (no cloak)
rCorr   .            (no gloves)
SInv    .            (no boots)
Will    .....        (no amulet)
Stlth   +            W - ring of magical power
HPRegen 0.29/turn    (no ring)
MPRegen 0.32/turn

%: guardian spirit
@: lethally poisoned (0 -> -4), flux-form, glowing, lightly drained
A: glow, contaminating, antennae 1, demonic guardian 1, magic shield, magic
regeneration, big brain 2
a: Begin Untransformation


You were in a sewer.
You were something dangerously unstable.
You visited 2 branches of the dungeon, and saw 7 of its levels.
You also visited: Sewer.

You collected 1026 gold pieces.
You spent 126 gold pieces at shops.


Innate Abilities, Weirdness & Mutations

You are something dangerously unstable.
You glow with magical radiation, making you easy to see and hit.
Foes you strike become dangerously contaminated with magical radiation.
You are incapable of wielding weapons or throwing items.
You have a pair of small antennae on your head.
A weak demonic guardian rushes to your aid.
When hurt, damage is shared between your health and your magic reserves.
You regenerate magic rapidly.
You have an extremely huge brain. (Int +4)


   Skills:
 - Level 1.0 Fighting
 - Level 1.7 Dodging
 + Level 7.1 Unarmed Combat
 * Level 8.9 Shapeshifting


You had 8 spell levels left.
You didn't know any spells.
Your spell library contained the following spells:

 Spells                   Type           Power      Damage    Failure   Level
 Magic Dart               Conj           0%         1d3       26%         1
 Necrotise                Necr           0%         1d4       26%         1
 Blink                    Tloc           0%         N/A       38%         2
 Call Imp                 Summ           0%         N/A       38%         2
 Lesser Beckoning         Tloc           0%         N/A       38%         2
 Maxwell's Portable Pile  Tloc           0%         2d(5-13)  63%         3
 Summon Ice Beast         Ice/Summ       0%         N/A       63%         3
 Teleport Other           Tloc           0%         N/A       63%         3
 Vampiric Draining        Necr           0%         2d6       63%         3
 Volatile Blastmotes      Fire/Tloc      0%         2d10      63%         3
 Fulminant Prism          Conj/Alch      0%         3d5       95%         4
 Iskenderun's Mystic Bla Conj/Tloc 0%             2d3        (+2d1     95%         4
 Martyr's Knell           Necr/Summ      0%         N/A       95%         4
 Curse of Agony           Necr           0%         N/A       100%        5
 Summon Mana Viper        Hex/Summ       0%         N/A       100%        5
 Monstrous Menagerie      Summ           0%         N/A       100%        7

Inventory:

Missiles
 b - 7 boomerangs
 f - 64 stones (quivered)
 j - 6 javelins
 m - 6 poisoned darts
Armour
 a - a +0 animal skin (melded)
 k - a +1 cloak
   (You found it on level 2 of the Dungeon)
Jewellery
 W - a ring of magical power (left hand)
   (You found it on level 6 of the Dungeon)
Talismans
 c - a beast talisman
 d - a flux talisman (active)
Scrolls
 e - a scroll of silence {!r}
 g - a scroll of teleportation {@r4}
 l - a scroll of amnesia
 n - a scroll of fog
 o - 2 scrolls of fear
 q - a scroll of blinking {!r}
 t - 3 scrolls of revelation
Potions
 h - a potion of attraction {!q}
 r - a potion of mutation {!q}
 s - a potion of brilliance

Dungeon Overview and Level Annotations

Branches:
Dungeon (6/15) Zot: 26751  Temple (1/1) D:6 Zot: 5998   Sewer (1/1) Zot: 5412

Altars:
Ashenzari
Cheibriados
Gozag
Hepliaklqana
Makhleb
Nemelex Xobeh
Qazlal
Sif Muna
Trog
Uskayaw
Vehumet
Xom
Yredelemnul

Shops:
D:2 =   D:4 *[

Annotations:
D:6 exclusion: steam dragon

.~...#
#..###~..~##
~~≈~≈#
#####~≈~~≈~#
~~≈~≈#
#≈≈~≈≈≈#
~~~~~#
#≈~~≈~≈#
≈≈~~~#
#≈~~~≈≈#
≈≈≈~~#
#≈≈~~~≈#
.~†~≈#
#≈≈≈~#≈#
..[.≈#
#≈≈~#5S#
..~~≈#
#≈l≈≈p~#
~≈~≈≈#
#≈≈≈~†~#
≈~†≈≈#
#≈≈≈#~≈#
~~†~≈#
#≈≈≈~#~#
≈≈~≈~# #≈≈~~
≈# ≈~~~≈#
#≈S~~ ≈#
≈≈~~~# #S~~≈
S# ≈≈~~~#
#≈≈#~ ~#
.~~..# #.~.~
##


You could see an adder (heavy contam, ally target), 3 ball pythons, a frilled
lizard (fleeing) and a friendly shadow imp (summoned).


Message History

The ball python constricts you. The adder bites you.
The ball python bites you. 😮 HP[-7] MP[-3]
You take 7 damage, and now have 40/56 hp.
You lost 3 mp, and now have 14/18 mp.
You hit the bullfrog.
The bullfrog glows dangerously bright.
The bullfrog hits you. The adder bites you.
Your shadow imp completely misses the adder.
The adder bites you. The ball python bites you. The ball python constricts you.
The ball python bites you. 😮 HP[-8] MP[-5]
You take 8 damage, and now have 32/56 hp.
You lost 5 mp, and now have 9/18 mp.
You are too injured to fight recklessly!
You are too injured to fight recklessly!
You hit the bullfrog.
The bullfrog shudders as magic cascades through it!!
You kill the bullfrog!
The adder bites you. x2
* * * LOW HITPOINT WARNING * * *
Your shadow imp completely misses the adder.
The ball python bites you.
* * * LOW HITPOINT WARNING * * *
The ball python barely misses you. The ball python constricts you.
* * * LOW HITPOINT WARNING * * *
😨 HP[-7] MP[-2]
You now have 57 max hp (+1).
You take 7 damage, and now have 25/57 hp.
You lost 2 mp, and now have 7/18 mp.
Unknown command.
You hit the adder.
The adder begins to glow.
The adder closely misses you. The ball python bites you.
* * * LOW HITPOINT WARNING * * *
The adder bites you.
* * * LOW HITPOINT WARNING * * *
The ball python closely misses you.
Your shadow imp splashes around in the water.
The ball python barely misses you. The ball python constricts you.
* * * LOW HITPOINT WARNING * * *
The adder bites you.
* * * LOW HITPOINT WARNING * * *
You are poisoned.
The adder poisons you! 😨 HP[-9] MP[-2]
You take 9 damage, and now have 16/57 hp.
You lost 2 mp, and now have 5/18 mp.
Unknown command.
You hit the adder.
You kill the adder!
You feel sick. The ball python bites you.
* * * LOW HITPOINT WARNING * * *
The adder bites you.
* * * LOW HITPOINT WARNING * * *
You are more poisoned.
The adder poisons you! The ball python bites you.
* * * LOW HITPOINT WARNING * * *
The ball python bites you.
* * * LOW HITPOINT WARNING * * *
The ball python constricts you.
* * * LOW HITPOINT WARNING * * *
Your shadow imp completely misses the adder.
The adder bites you.
* * * LOW HITPOINT WARNING * * *
The ball python bites you.
* * * LOW HITPOINT WARNING * * *
😱 HP[-10] MP[-4]
You take 10 damage, and now have 6/57 hp.
You lost 4 mp, and now have 1/18 mp.
As you read the scroll of fear, it crumbles to dust.
You assume a fearsome visage.
The ball python looks frightened! x2
The adder looks frightened!
The frilled lizard looks frightened!
The ball python looks frightened! x2
* * * LOW HITPOINT WARNING * * *
You feel very sick. The ball python loses its grip on you.
Your shadow imp barely misses the adder. 😱 HP[-2]
You take 2 damage, and now have 4/57 hp.
Unknown command.
Okay, then.
There is a lethal amount of poison in your body!
Unknown command.
You catch the helpless adder completely off-guard!
You hit the adder.
The adder begins to glow.
Your attack snaps the adder out of its fear.
* * * LOW HITPOINT WARNING * * *
You feel sick. The adder bites you.
* * * LOW HITPOINT WARNING * * *
Your shadow imp splashes around in the water. 😱 HP[-2]
You take 2 damage, and now have 2/57 hp.
Unknown command.
You barely miss the adder.
* * * LOW HITPOINT WARNING * * *
You feel sick. The adder closely misses you.
Your shadow imp closely misses the adder. 😱 HP[-1]
You take 1 damage, and now have 1/57 hp.
Unknown command.
You hit the adder.
The adder glows dangerously bright.
You die...

Skill      XL: |  1  2  3  4  5  6  7  8  9 |
---------------+----------------------------+-----
Shapeshifting  | 3 4 5 6 8 |  8.9
Unarmed Combat | 3 4 5 6 7 |  7.1
Fighting       | |  1.0
Dodging        | |  1.7

Action                     |  1- 3 |  4- 6 |  7- 9 || total
---------------------------+-------+-------+-------++-------
  Melee: Unarmed           |    89 |    99 |   341 ||   529
         Punch             |     3 |     7 |    10 ||    20
  Evoke: Wand              |       |     2 |     7 ||     9
    Use: Scroll            |     1 |       |    18 ||    19
         Potion            |     5 |     4 |     3 ||    12
   Stab: Sleeping          |     1 |     2 |       ||     3
         Fleeing           |       |       |     1 ||     1
 Armour: Animal skin       |    38 |    75 |   165 ||   278
         Skin              |    15 |       |    39 ||    54
  Dodge: Dodged            |    42 |    62 |   200 ||   304
   Form: Flux              |       |       |     1 ||     1

Levels and vault maps discovered:
D:1:      dpeg_arrival_signposts, layout_rooms
D:2:      minmay_evil_eye, layout_basic, serial_shops, shop, basic_altar,
          chequers_ecumenical_altar_simple_redux,
          hangedman_abyss_or_decor_lesser_grid, grunt_decor_mini_mirrors,
          minmay_quantized, uniq_natasha, uniq_sigmund, uniq_jessica
D:3:      layout_loops_cross, evilmike_ruin_ashenzari, lemuel_round_altar,
          uniq_ijyb, uniq_robin, uniq_grinder
D:4:      layout_basic, xom_confusion_cloud, serial_shops,
          nicolae_shop_real_fake_doors, nicolae_shop_hallway_stairs, hex_medium,
          moated_statue, uniq_blork_the_orc
D:5:      layout_basic, lemuel_tele_altar, minmay_ruined_shrine, uniq_duvessa
D:6:      layout_loops_ring, hangedman_ru_absence, kennysheep_okawaru_gauntlet,
          mainiacjoe_overflow_concentric_impassable,
          minmay_temple_entry_purple_smoke, portal_sewer_entry_f,
          amcnicky_mini_pool_medium
Temple:   dpeg_chambers_temple
Sewer:    sewer_minmay_w

Notes
Turn   | Place    | Note
-------+----------+-------------------------------------------
     0 | D:1      | kae the Demonspawn Shapeshifter began the quest for the
                  | Orb.
     0 | D:1      | Reached XP level 1. HP: 15/15 MP: 1/1
     0 | D:1      | magus.rc [v1.11.3]
   129 | D:1      | Reached skill level 3 in Shapeshifting
   152 | D:1      | You pick up a book of Displacement and begin reading...
   152 | D:1      | You add the spells Lesser Beckoning, Teleport Other and
                  | Maxwell's Portable Piledriver to your library.
   176 | D:1      | Gained mutation: A weak demonic guardian rushes to your
                  | aid. [demonic ancestry]
   176 | D:1      | Reached XP level 2. HP: 13/21 MP: 2/2
   321 | D:1      | Reached skill level 3 in Unarmed Combat
   639 | D:2      | Found Logu's Jewellery Shop.
   666 | D:2      | You pick up a book of Necromancy and begin reading...
   666 | D:2      | You add the spells Necrotise, Vampiric Draining, Martyr's
                  | Knell and Curse of Agony to your library.
   746 | D:2      | Noticed Jessica
   755 | D:2      | Killed Jessica
   756 | D:2      | Gained mutation: You have a pair of small antennae on your
                  | head. [demonic ancestry]
   756 | D:2      | Reached XP level 3. HP: 9/26 MP: 3/3
   853 | D:2      | Noticed Sigmund
   865 | D:2      | HP: 6/26 [Sigmund/+0 scythe (2)]
   874 | D:2      | HP: 8/39 [Sigmund/+0 scythe (3)]
   893 | D:2      | HP: 1/39 [something (6)]
   899 | D:2      | Killed Sigmund
   900 | D:2      | Reached skill level 4 in Unarmed Combat
   900 | D:2      | Reached skill level 4 in Shapeshifting
   900 | D:2      | Gained mutation: You regenerate magic rapidly. [demonic
                  | ancestry]
   900 | D:2      | Reached XP level 4. HP: 10/32 MP: 4/4
   900 | D:2      | Gained mutation: You have an unusually large brain. (Int
                  | +2) [demonic ancestry]
   900 | D:2      | Reached XP level 5. HP: 12/37 MP: 5/5
  1119 | D:2      | Found a basalt altar of Yredelemnul.
  1186 | D:2      | Found a faded altar of an unknown god.
  1302 | D:2      | Noticed Natasha
  1312 | D:2      | Killed Natasha
  1468 | D:2      | Reached XP level 6. HP: 17/43 MP: 6/6
  1471 | D:2      | Reached skill level 5 in Shapeshifting
  1471 | D:2      | HP: 10/43 [poisoned by an adder]
  1826 | D:3      | Noticed Robin
  1829 | D:3      | Noticed Ijyb
  1954 | D:2      | HP: 7/43 [Ijyb/+3 club (9)]
  1958 | D:2      | Killed Ijyb
  2101 | D:2      | Killed Robin
  2286 | D:3      | Found a broken altar of Ashenzari.
  2420 | D:3      | Noticed Grinder
  2428 | D:3      | Killed Grinder
  2429 | D:3      | Gained mutation: When hurt, damage is shared between your
                  | health and your magic reserves. [demonic ancestry]
  2429 | D:3      | Reached XP level 7. HP: 36/48 MP: 7/7
  2485 | D:3      | Found a stormy altar of Qazlal.
  2946 | D:4      | Found a shimmering altar of Xom.
  2951 | D:4      | Reached skill level 6 in Shapeshifting
  2962 | D:4      | Reached skill level 5 in Unarmed Combat
  3205 | D:4      | Found Wuupp's Antique Armour Shop.
  3217 | D:4      | Noticed Blork the orc
  3226 | D:4      | Killed Blork the orc
  3663 | D:4      | HP: 9/48 [gnoll/+0 club (5)]
  3906 | D:4      | Found Otycel's General Store.
  3909 | D:4      | Bought a scroll of identify for 22 gold pieces
  3909 | D:4      | Bought a scroll of identify for 22 gold pieces
  4271 | D:4      | Bought a scroll of revelation for 82 gold pieces
  4291 | D:5      | Entered Level 5 of the Dungeon
  4318 | D:5      | Reached XP level 8. HP: 43/54 MP: 8/8
  4319 | D:5      | Reached skill level 7 in Shapeshifting
  4483 | D:5      | Noticed Duvessa
  4483 | D:5      | Noticed Dowan
  4504 | D:5      | Killed Duvessa
  4547 | D:5      | You pick up a book of Blasting and begin reading...
  4547 | D:5      | You add the spells Volatile Blastmotes, Fulminant Prism and
                  | Iskenderun's Mystic Blast to your library.
  4659 | D:5      | You pick up a book of Beasts and begin reading...
  4659 | D:5      | You add the spells Summon Ice Beast, Summon Mana Viper and
                  | Monstrous Menagerie to your library.
  4674 | D:5      | You pick up a book of Minor Magic and begin reading...
  4674 | D:5      | You add the spells Magic Dart, Blink and Call Imp to your
                  | library.
  4683 | D:5      | Found a snail-covered altar of Cheibriados.
  4717 | D:5      | Killed Dowan
  4719 | D:5      | HP: 12/54 [ice beast (9)]
  4722 | D:5      | HP: 5/54 [ice beast (9)]
  4725 | D:5      | Reached skill level 6 in Unarmed Combat
  5056 | D:5      | Reached skill level 8 in Shapeshifting
  5063 | D:5      | HP: 12/54 [ribbon worm (5)]
  5068 | D:5      | HP: 6/54 [ribbon worm (4)]
  5073 | D:5      | Found an opulent altar of Gozag.
  5074 | D:5      | HP: 4/54 [shadow imp (3)]
  5376 | D:5      | You pick up a book of Displacement and begin reading...
  5530 | D:5      | Identified a scroll of acquirement
  5530 | D:5      | Acquired 822 gold pieces
  5599 | D:6      | Found a hide-covered altar of Uskayaw.
  5654 | D:6      | HP: 11/49 [ice beast (3)]
  5658 | D:6      | Gained mutation: You have an extremely huge brain. (Int +4)
                  | [demonic ancestry]
  5658 | D:6      | Reached XP level 9. HP: 13/57 MP: 6/9
  5711 | D:6      | Found a staircase to the Ecumenical Temple.
  5719 | Temple   | Entered the Ecumenical Temple
  5767 | D:6      | Found a glowing drain.
  5798 | Sewer    | Entered a sewer
  6080 | Sewer    | Reached skill level 7 in Unarmed Combat
  6337 | Sewer    | HP: 14/57 [ball python (1)]
  6337 | Sewer    | HP: 6/57 [ball python (1)]
  6339 | Sewer    | HP: 2/57 [adder (1)]
  6341 | Sewer    | Succumbed to an adder's poison

Vanquished Creatures
  Grinder (D:3)
  Sigmund (D:2)
  Duvessa (D:5)
  2 ice beasts
  A black bear (D:5)
  A sky beast (D:6)
  An ogre (D:5)
  2 centaurs (D:5)
  2 bullfrogs (Sewer)
  Blork the orc (D:4)
  A scorpion (D:4)
  3 wights (D:6)
  Dowan (D:5)
  A bombardier beetle (D:3)
  2 jellies (D:5)
  3 hounds
  Jessica (D:2)
  A sleepcap (D:5)
  Ijyb (D:2)
  2 iguanas
  Robin (D:2)
  2 gnolls (D:4)
  11 adders
  5 river rats (Sewer)
  2 shadow imps (D:5)
  A white imp (D:5)
  2 ribbon worms (D:5)
  2 dart slugs
  5 orcs (D:4)
  3 bats
  9 endoplasms
  4 giant cockroaches
  12 goblins
  11 hobgoblins
  6 jackals
  6 kobolds
  7 quokkas
  13 ball pythons
  3 frilled lizards
  23 rats
157 creatures vanquished.

Vanquished Creatures (collateral kills)
  A phantom (D:4)
  Natasha (D:2)
  2 adders
  2 gnolls (D:4)
  2 hobgoblins (D:2)
  A goblin (D:3)
9 creatures vanquished.

Vanquished Creatures (others)
  A hobgoblin (D:4)
1 creature vanquished.

Grand Total: 167 creatures vanquished

Table legend:
 A = Non-vault XP
 B = Vault XP
 C = Vault XP percentage of total XP
 D = Non-vault monster count
 E = Vault monster count
 F = Vault count percentage of total count
                 A         B        C        D         E       F
            +---------+---------+-------+---------+---------+-------
      Total |    1470 |    1830 |  55.5 |      85 |      81 |  48.8
            +---------+---------+-------+---------+---------+-------
        D:1 |      31 |       0 |   0.0 |      16 |       0 |   0.0
        D:2 |      43 |     397 |  90.2 |      10 |      19 |  65.5
        D:3 |      97 |     292 |  75.1 |      17 |       5 |  22.7
        D:4 |     300 |     187 |  38.4 |      27 |       7 |  20.6
        D:5 |     487 |     636 |  56.6 |       9 |      12 |  57.1
        D:6 |     512 |       8 |   1.5 |       6 |       4 |  40.0
      Sewer |       0 |     310 | 100.0 |       0 |      34 | 100.0
            +---------+---------+-------+---------+---------+-------

Skill      XL: |  1  2  3  4  5  6  7  8  9 |
---------------+----------------------------+-----
Shapeshifting  | 3 4 5 6 8 |  8.9
Unarmed Combat | 3 4 5 6 7 |  7.1
Fighting       | |  1.0
Dodging        | |  1.7

Action                     |  1- 3 |  4- 6 |  7- 9 || total
---------------------------+-------+-------+-------++-------
  Melee: Unarmed           |    89 |    99 |   341 ||   529
         Punch             |     3 |     7 |    10 ||    20
  Evoke: Wand              |       |     2 |     7 ||     9
    Use: Scroll            |     1 |       |    18 ||    19
         Potion            |     5 |     4 |     3 ||    12
   Stab: Sleeping          |     1 |     2 |       ||     3
         Fleeing           |       |       |     1 ||     1
 Armour: Animal skin       |    38 |    75 |   165 ||   278
         Skin              |    15 |       |    39 ||    54
  Dodge: Dodged            |    42 |    62 |   200 ||   304
   Form: Flux              |       |       |     1 ||     1

Illustrated notes

Table legend:
 A = Kills in this place as a percentage of kills in the entire game.
 B = Kills by you in this place as a percentage of kills by you in the entire game.
 C = Kills by friends in this place as a percentage of kills by friends in the entire game.
 D = Other kills in this place as a percentage of other kills in the entire game.
 E = Experience gained in this place as a percentage of experience gained in the entire game.
 F = Experience gained in this place divided by the number of levels of this place that you have seen.
                   A       B       C       D       E      F
               +-------+-------+-------+-------+-------+----------------------
         Total | 100.0 | 100.0 | 100.0 |   N/A | 100.0 | 412.5
       Dungeon |  79.5 |  78.3 | 100.0 |   N/A |  90.6 | 498.3
         Sewer |  20.5 |  21.7 |   0.0 |   N/A |   9.4 | 310.0
               +-------+-------+-------+-------+-------+----------------------

Table legend: (Time is in decaauts)
 A = Elapsed time spent in this place.
 B = Non-inter-level travel time spent in this place.
 C = Inter-level travel time spent in this place.
 D = Time resting spent in this place.
 E = Time spent auto-exploring this place.
 F = Levels seen in this place.
 G = Mean time per level.
                   A        B        C        D        E       F      G
               +--------+--------+--------+--------+--------+-----+--------+
         Total |   6337 |   6136 |    201 |    698 |   4121 |   8 |  792.1 |
       Dungeon |   5747 |   5547 |    200 |    607 |   3901 |   6 |  957.8 |
        Temple |      1 |      0 |      1 |      0 |      0 |   1 |    1.0 |
         Sewer |    587 |    587 |      0 |     91 |    219 |   1 |  587.0 |
               +--------+--------+--------+--------+--------+-----+--------+

Top non-repeatable levels by time:
     D:2: 1405 daAuts
     D:4: 1377 daAuts
     D:5: 1249 daAuts
     D:3: 836 daAuts
     D:1: 631 daAuts
   Sewer: 587 daAuts
     D:6: 248 daAuts
  Temple: 1 daAuts
